Map: Ulrena

Players

ExtremaL - Winner!

  • Race: Terran Terran
  • Spawn Location: 7:00

zidar

  • Race: Zerg Zerg
  • League: Silver
  • Spawn Location: 11:00

VOD

Have the link to the VOD?

Description

Time

  • Played on: Nov. 13, 2015, 11:32 a.m.
  • Length: 10:47
Show
View Real Time Build Order
Export as new Build Order

ExtremaL Terran - Winner!

Build Orders: Reaper Expand 

Get SALT Encoding   

  12  0:01  SCV  
  13  0:13  SCV  
  14  0:21  Supply Depot  
  14  0:25  SCV  
  15  0:43  SCV  
  15  0:44  Barracks  
  15  0:48  Refinery  
  16  0:55  SCV  
  17  1:07  SCV  
  18  1:18  Supply Depot  
  18  1:19  SCV  
  19  1:31  Reaper  
  20  1:40  Orbital Command  
  20  1:55  Command Center  
  20  2:04  Marine  
  20  2:06  SCV  
  22  2:13  Factory  
  22  2:18  SCV  
  23  2:30  SCV  
  24  2:42  SCV  
  24  2:43  Refinery  
  25  2:46  Barracks  
  25  2:51  Marine  
  25  2:54  SCV  
  27  3:02  Starport  
  29  3:06  SCV, Supply Depot  
  29  3:09  Marine, Widow Mine  
  29  3:11  Orbital Command  
  31  3:27  Marine  
  31  3:30  SCV  
  31  3:31  Orbital Command  
  35  3:38  Widow Mine  
  35  3:40  Medivac  
  37  3:50  SCV  
  37  3:53  Barracks Reactor  
  37  3:55  Bunker  
  38  3:57  Engineering Bay  
  38  3:58  Barracks Tech Lab  
  38  4:00  SCV  
  39  4:06  SCV  
  40  4:10  Starport Reactor  
  40  4:22  SCV x2, Stimpack  
  42  4:25  Refinery  
  42  4:28  Supply Depot  
  42  4:31  Factory Tech Lab  
  38  4:55  SCV x2  
  40  5:00  Marine x2  
  42  5:07  Armory, Missile Turret, SCV x2  
  42  5:08  Terran Infantry Weapons Level 1  
  42  5:10  Marauder  
  46  5:16  Refinery  
  46  5:17  Marine  
  46  5:18  Marine  
  46  5:19  SCV x2  
  52  5:31  Marauder, SCV  
  52  5:32  Widow Mine, SCV  
  52  5:34  Barracks  
  56  5:35  Marine x2  
  58  5:43  SCV  
  58  5:44  SCV  
  60  5:52  Medivac  
  62  5:57  Marine x2, SCV, Medivac  
  62  5:59  Supply Depot  
  69  6:04  Widow Mine  
  69  6:07  SCV  
  70  6:19  Supply Depot  
  70  6:20  Marine x2, Barracks  
  70  6:21  Marauder, SCV  
  70  6:22  Combat Shield  
  75  6:31  Medivac  
  77  6:33  Barracks Reactor  
  77  6:37  SCV  
  78  6:40  Supply Depot, Medivac  
  78  6:41  Supply Depot  
  78  6:42  Marauder  
  78  6:43  Supply Depot  
  82  7:05  SCV x2  
  82  7:14  Marine x3  
  82  7:15  Marine x3  
  88  7:17  SCV x2  
  88  7:22  Terran Infantry Armor Level 1  
  90  7:24  Drilling Claws  
  90  7:28  Command Center  
  90  7:33  Marauder  
  92  7:42  Marine x4  
  96  7:45  Medivac x2  
  96  7:46  Barracks Reactor  
  100  7:54  Marine  
  103  8:00  Marine x4  
  103  8:02  Widow Mine  
  103  8:04  Barracks  
  109  8:12  Marauder  
  109  8:14  SCV  
  110  8:20  Missile Turret  
  110  8:22  Missile Turret  
  110  8:24  Missile Turret  
  110  8:25  Missile Turret  
  110  8:26  Missile Turret  
  110  8:31  Concussive Shells  
  110  8:33  Missile Turret  
  110  8:34  Missile Turret  
  110  8:35  Marauder, SCV x2  
  110  8:36  Marine x2  
  110  8:37  Supply Depot  
  110  8:38  Supply Depot  
  110  8:39  Marine x3  
  121  8:42  Widow Mine  
  121  8:47  SCV  
  122  8:54  SCV  
  123  8:57  Missile Turret  
  123  8:59  SCV  
  123  9:01  Marine x4  
  123  9:02  Marine x3  
  133  9:10  Planetary Fortress  
  133  9:11  Widow Mine  
  133  9:29  Marine  
  133  9:30  Marine x5  
  133  9:31  Marine  
  142  9:39  Widow Mine  
  142  9:47  Marine x2  
  142  9:48  Marine x2  
  142  9:49  Marauder  
  148  10:04  Marine  
  149  10:18  Marine x2  
  149  10:19  Marine x2, Marauder  
  129  10:28  Marine x2  
Show
View Real Time Build Order
Export as new Build Order

zidar Zerg 

Build Orders: Hatch First, Muta Ling Bane 

Get SALT Encoding   

  12  0:02  Drone  
  13  0:12  Overlord  
  13  0:17  Drone  
  14  0:30  Drone x2  
  16  0:51  Hatchery  
  16  0:53  Drone  
  16  0:58  Extractor  
  16  0:59  Drone  
  16  1:14  Spawning Pool  
  15  1:19  Drone  
  15  1:20  Drone  
  17  1:27  Drone  
  18  1:44  Drone  
  18  1:46  Drone  
  20  2:02  Overlord  
  20  2:04  Queen  
  20  2:06  Queen  
  24  2:09  Drone  
  25  2:17  Drone x2  
  23  3:06  Metabolic Boost  
  23  3:09  Zergling x4  
  23  3:10  Zergling x2  
  26  3:15  Queen  
  28  3:22  Overlord  
  28  3:23  Overlord x2  
  28  3:40  Queen  
  30  4:12  Baneling Nest  
  30  4:16  Lair  
  29  4:26  Drone x9  
  29  4:27  Drone x5  
  43  4:34  Extractor  
  33  5:11  Zergling x4  
  33  5:12  Zergling x18  
  44  5:30  Overseer  
  44  5:37  Spire  
  44  5:38  Centrifical Hooks  
  44  5:42  Zergling x2  
  44  5:46  Overlord x2  
  44  5:47  Overlord  
  44  6:03  Hatchery  
  43  6:20  Zergling x12  
  43  6:21  Zergling x10  
  43  6:23  Baneling  
  43  6:24  Baneling x2  
  43  6:25  Baneling  
  54  6:29  Drone  
  55  6:33  Drone  
  46  7:10  Queen  
  46  7:13  Baneling x2  
  46  7:14  Baneling x6  
  48  7:21  Drone x7  
  55  7:46  Drone  
  55  7:47  Drone x6  
  62  8:17  Extractor  
  61  8:20  Extractor  
  60  8:35  Mutalisk  
  60  8:36  Mutalisk x4  
  60  8:37  Mutalisk  
  72  8:50  Extractor  
  72  8:55  Extractor  
  70  9:03  Drone x4  
  70  9:07  Overlord x3  
  70  9:08  Overlord  
  74  9:11  Baneling  
  74  9:12  Baneling x3  
  74  9:21  Evolution Chamber, Drone  
  74  9:22  Evolution Chamber, Drone  
  74  9:30  Drone x4  
Tags
 
Composition
Muta Ling Bane
League
Silver
Matchup
TvZ
Spawn Locations
Close Positions
Add a new tag
Caveats
  • Supply blocks, unpowered buildings, or Contaminate may cause inaccurate times.
  • Supply counts are checked every 10 seconds.